 Dungeon Crawl Stone Soup version 0.26-a0-638-gcca6ad1b57 (webtiles) character file.

Game seed: 5107129756963910070

53 DogServant the Ruffian (level 3, 0/29 HPs)
             Began as a Draconian Transmuter on Sept 14, 2020.
             Slain by Grinder (1 damage)
             ... on level 3 of the Dungeon.
             The game lasted 00:02:59 (1576 turns).

DogServant the Ruffian (Draconian Transmuter)       Turns: 1576, Time: 00:03:00

Health: 0/29       AC:  5    Str: 13    XL:     3   Next: 62%
Magic:  6/6        EV: 12    Int: 13    God:
Gold:   131        SH:  0    Dex: 11    Spells: 5/6 levels left

rFire    . . .     SeeInvis .     - Unarmed
rCold    . . .     Faith    .   (no shield)
rNeg     . . .     Spirit   .   (armour unavailable)
rPois    .         Reflect  .   (helmet restricted)
rElec    .         Harm     .   (no cloak)
rCorr    .         Rampage  .   (no gloves)
MR       .....                  (no boots)
Stlth    +.........             (no amulet)
HPRegen  0.09/turn              (no ring)
MPRegen  0.10/turn              (no ring)

@: no status effects
A: unfitting armour, cold-blooded, AC +5
a: no special abilities


You were on level 3 of the Dungeon.
You visited 1 branch of the dungeon, and saw 3 of its levels.

You collected 131 gold pieces.

Inventory:

Scrolls
 a - a scroll of remove curse
 c - 3 scrolls of identify
 e - a scroll of amnesia {unknown}
 g - 2 scrolls of fear {unknown}
 h - a scroll of fog {unknown}
 i - a scroll of random uselessness {unknown}
 j - a scroll of blinking {unknown}
Potions
 b - a potion of degeneration
 f - 3 potions of curing {unknown}
 k - a potion of mutation {unknown}
 l - a potion of flight {unknown}


   Skills:
 + Level 2.1 Fighting
 - Level 2.0 Dodging
 + Level 3.6 Unarmed Combat
 - Level 2.0 Spellcasting
 + Level 2.7 Transmutations


You had 5 spell levels left.
You knew the following spells:

 Your Spells              Type           Power        Failure   Level
a - Beastly Appendage     Tmut           #.....       9%          1

Your spell library contained the following spells:

 Spells                   Type           Power        Failure   Level
 Wereblood                Tmut           #.......     13%         2
 Spider Form              Tmut/Pois      #.........   41%         3
 Ice Form                 Ice/Tmut       #.......     82%         4
 Blade Hands              Tmut           #.........   93%         5


Dungeon Overview and Level Annotations

Branches:
Dungeon (3/15)

Altars:

Annotations:
D:3 Grinder


Innate Abilities, Weirdness & Mutations

Your plain brown scales are hard. (AC +5)
You cannot fit into any form of body armour.
You are cold-blooded and may be slowed by cold attacks.


Message History

You feel blessed for a moment.
It was a scroll of remove curse.
The hobgoblin hits you but does no damage.
Grinder hits you!
* * * LOW HITPOINT WARNING * * *
Unknown command.
Sorry, you're not good enough to have a special ability.
Okay, then.
As you read the scroll labeled COKOKHL EGUA, it crumbles to dust.
It is a scroll of identify.
b - a potion of degeneration Grinder hits you but does no damage.
The hobgoblin hits you but does no damage.
The kobold hits you with a +0 short sword.
* * * LOW HITPOINT WARNING * * *
Unknown command.
Okay, then.
As you read the scroll labeled JID JY TOISSEA, it crumbles to dust.
The creatures around you are filled with an inner flame!
It was a scroll of immolation.
Grinder hits you.
You die...

##(##...##..##
.............#
.(...(....##
.#....(...# .......g.##
.........##
♣.....Kr..###
............#########
...............#@K..##
♣..#.#..##....g5g##g.##
..##.[.###....Kro###..#
..##..# #.......g.##.#
. ##.. #.......#.##.#
.. #.......#).#.####
#.......##......#
###########.....#
#.....#


You could see Grinder (inner flame), an orc (inner flame), a hobgoblin (inner
flame), 3 goblins, 2 kobolds and a rat (inner flame).

Vanquished Creatures
  An adder (D:2)
  2 worms (D:2)
  3 dart slugs
  A leopard gecko (D:1)
  6 bats
  2 giant cockroaches
  2 goblins
  2 hobgoblins
  4 kobolds
  3 ball pythons
  3 frilled lizards
  2 rats
31 creatures vanquished.

Vanquished Creatures (others)
  A plant (D:2)
1 creature vanquished.

Grand Total: 32 creatures vanquished

Notes
Turn   | Place    | Note
-------+----------+-------------------------------------------
     0 | D:1      | DogServant the Draconian Transmuter began the quest for the
                  | Orb.
     0 | D:1      | Reached XP level 1. HP: 16/16 MP: 3/3
   146 | D:1      | Reached XP level 2. HP: 23/23 MP: 5/5
  1231 | D:2      | Reached XP level 3. HP: 24/29 MP: 4/6
  1545 | D:3      | Noticed Grinder
  1575 | D:3      | HP: 1/29 [kobold/+0 short sword (2)]
  1576 | D:3      | Slain by Grinder

Illustrated notes

Levels and vault maps discovered:
D:1:      minmay_arrival_diagonal_passages, layout_rooms, corexii_hall_statues_l
D:2:      minmay_spotlight, layout_basic,
          grunt_temple_overflow_growth_and_decay, lemuel_coloured_pillars_altar,
          hangedman_decor_clover_reticule, uniq_crazy_yiuf_cottage
D:3:      layout_rooms, lemuel_round_altar, gammafunk_temple_overflow_wave,
          minmay_misc_feat_plants, minmay_misc_feat_rugged, uniq_grinder,
          uniq_sigmund, uniq_robin

Skill      XL: |  1  2  3 |
---------------+----------+-----
Dodging        | 2 |  2.0
Fighting       | 2 |  2.1
Unarmed Combat | |  3.6
Spellcasting   | |  2.0
Transmutations | |  2.7

Action                   || total
-------------------------++-------
Melee: Unarmed           ||    88
       Tailslap          ||     8
       Kick              ||     9
       Headbutt          ||     5
 Cast: Beastly Appendage ||    17
  Use: Scroll            ||     3
Armor: Skin              ||    49
Dodge: Dodged            ||    93

Table legend: (Time is in decaauts)
 A = Elapsed time spent in this place.
 B = Non-inter-level travel time spent in this place.
 C = Inter-level travel time spent in this place.
 D = Time resting spent in this place.
 E = Time spent auto-exploring this place.
 F = Levels seen in this place.
 G = Mean time per level.
                   A        B        C        D        E       F      G
               +--------+--------+--------+--------+--------+-----+--------+
         Total |   1570 |   1534 |     36 |    324 |    923 |   3 |  523.3 |
       Dungeon |   1570 |   1534 |     36 |    324 |    923 |   3 |  523.3 |
               +--------+--------+--------+--------+--------+-----+--------+

Top non-repeatable levels by time:
     D:1: 977 daAuts
     D:2: 556 daAuts
     D:3: 36 daAuts
